 Dungeon Crawl Stone Soup version 0.24-a0-521-g122614b (webtiles) character file.

Game seed: 10019650792260397783

29855 JeffiDaFish the Eclecticist (level 13, -1/106 HPs)
             Began as a Mummy Necromancer on July 4, 2019.
             Was an Elder of Kikubaaqudgha.
             Slain by a dream sheep (2 damage)
             ... on level 6 of the Lair of Beasts on July 29, 2019.
             The game lasted 01:08:46 (19680 turns).

JeffiDaFish the Eclecticist (Mummy Necromancer)    Turns: 19680, Time: 01:08:49

Health: -1/106     AC:  8    Str: 13    XL:     13   Next: 17%
Magic:  20/33      EV: 12    Int: 23    God:    Kikubaaqudgha [****..]
Gold:   608        SH:  0    Dex: 12    Spells: 16/45 levels left

rFire    x . .     SeeInvis .   h - +5 short sword (speed)
rCold    + . .     Gourm    .   (no shield)
rNeg     + + +     Faith    .   r - +1 robe "Voorud" {rN++ Int+5}
rPois    ∞         Spirit   .   w - +1 hat {MR+}
rElec    .         Reflect  .   m - +2 cloak
rCorr    .         Harm     .   o - +0 pair of gloves
MR       ++...                  (no boots)
Stlth    ++........             e - amulet of magic regeneration
HPRegen  0.27/turn              c - ring of flight
MPRegen  0.48/turn              (no ring)

@: very slightly contaminated
A: no food or potions, fire vulnerability, cold resistance 1, negative energy
resistance 3, torment resistance, unbreathing, in touch with death 1
a: Receive Corpses, Renounce Religion, Evoke Flight


You were on level 6 of the Lair of Beasts.
You worshipped Kikubaaqudgha.
Kikubaaqudgha was greatly pleased with you.
You were not hungry.

You visited 3 branches of the dungeon, and saw 16 of its levels.

You collected 970 gold pieces.
You spent 362 gold pieces at shops.

Inventory:

Hand Weapons
 f - a +1 dagger of venom
 h - a +5 short sword of speed (weapon)
Armour
 m - a +2 cloak (worn)
 n - a +0 buckler
 o - a +0 pair of gloves (worn)
 r - the +1 robe "Voorud" (worn) {rN++ Int+5}
   (You bought it in a shop on level 9 of the Dungeon)

   It affects your intelligence (+5).
   It greatly protects you from negative energy.
 w - a +1 hat of magic resistance (worn)
Jewellery
 c - a ring of flight (left hand)
 e - an amulet of magic regeneration (around neck)
 g - an uncursed amulet of faith
Wands
 j - a wand of digging (11)
 p - a wand of disintegration (21)
 q - a wand of enslavement (11)
 s - a wand of random effects (36)
 t - a wand of flame (39)
Scrolls
 b - 8 scrolls of remove curse
 d - 11 scrolls of teleportation
 i - 19 scrolls of identify
 u - a scroll of amnesia
 v - a scroll of summoning {unknown}


   Skills:
 + Level 11.2 Fighting
 - Level 1.5 Dodging
 - Level 1.5 Stealth
 + Level 16.5 Spellcasting
 * Level 13.3 Necromancy


You had 16 spell levels left.
You knew the following spells:

 Your Spells              Type           Power        Failure   Level  Hunger
a - Pain                  Necr           ####         0%          1    N/A
b - Animate Skeleton      Necr           N/A          0%          1    N/A
c - Vampiric Draining     Necr           #######...   1%          3    N/A
d - Animate Dead          Necr           N/A          1%          4    N/A
e - Corpse Rot            Necr           N/A          1%          2    N/A
f - Agony                 Necr           #######.     1%          5    N/A
g - Dispel Undead         Necr           #######.     1%          5    N/A
h - Borgnjor's Vile Clut  Necr/Erth      ######....   4%          5    N/A
i - Confuse               Hex            ###.....     9%          3    N/A

Your spell library contained the following spells:

 Spells                   Type           Power        Failure   Level  Hunger
 Death Channel            Necr           #######...   1%          6    N/A
 Confusing Touch          Hex            ###...       3%          1    N/A
 Blink                    Tloc           N/A          4%          2    N/A
 Shroud of Golubria       Chrm/Tloc      ###...       4%          2    N/A
 Sticks to Snakes         Tmut           ###.....     4%          2    N/A
 Gell's Gravitas          Tloc           ###.......   9%          3    N/A
 Lesser Beckoning         Tloc           ###.......   9%          3    N/A
 Teleport Other           Tloc           ###.....     9%          3    N/A
 Passage of Golubria      Tloc           N/A          28%         4    N/A
 Petrify                  Tmut/Erth      ###.....     28%         4    N/A
 Simulacrum               Ice/Necr       ######....   28%         6    N/A
 Metabolic Englaciation   Hex/Ice        ###.......   63%         5    N/A
 Yara's Violent Unravell  Hex/Tmut       ###.......   63%         5    N/A
 Regeneration             Chrm/Necr      Unusable     N/A         3    N/A
 Beastly Appendage        Tmut           Unusable     N/A         1    N/A
 Spider Form              Tmut/Pois      Unusable     N/A         3    N/A
 Ice Form                 Ice/Tmut       Unusable     N/A         4    N/A
 Blade Hands              Tmut           Unusable     N/A         5    N/A

Dungeon Overview and Level Annotations

Branches:
Dungeon (9/15)             Temple (1/1) D:4            Lair (6/6) D:9
  Swamp (0/4) Lair:4        Snake (0/4) Lair:2        Slime (0/5) Lair:6
    Orc: D:9-12

Altars:
Ashenzari
Cheibriados
Dithmenos
Elyvilon
Fedhas
Gozag
Hepliaklqana
Kikubaaqudgha
Makhleb
Nemelex Xobeh
Okawaru
Qazlal
Ru
Sif Muna
Trog
Uskayaw
Vehumet
Wu Jian
Xom
Yredelemnul
Zin
The Shining One

Shops:
D:4 ?   D:9 [[

Annotations:
D:9 2 transporters, Finnegan's ghost, journeyman MiBe


Innate Abilities, Weirdness & Mutations

You do not eat or drink.
Your flesh is vulnerable to fire.
You are immune to poison.
Your flesh is cold resistant. (rC+)
You are immune to negative energy. (rN+++)
You are immune to unholy pain and torment.
You can survive without breathing.
You are in touch with the powers of death.


Message History

Kikubaaqudgha says: Spread unending torment and darkness!
Press ? for a list of commands and other information.
Blink to where?
Press: ? - help, Dir - move target cursor You are very lightly contaminated with residual magic.
As you read the scroll of blinking, it crumbles to dust.
A water moccasin comes into view.
The dream sheep bleats!
The water moccasin hisses angrily.
The dire elephant trumpets!
The dream sheep bleats! x3; You hear a bellow!
You hear a bleat!
The yak bellows!
You hear a bellow!
You hear a bleat!
A dream sheep comes into view.
Blink to where?
Press: ? - help, Dir - move target cursor
As you read the scroll of blinking, it crumbles to dust.
The dream sheep bleats! x2; The yak bellows!
The dream sheep bites you.
* * * LOW HITPOINT WARNING * * *
The dream sheep bites you.
You die...
Kikubaaqudgha rasps: "You have failed me!
Welcome... oblivion!"

.........P#......##...###
......................#
.................Y...##
...................#.#
..............#.....##
..............#P...D.# .
..........<..........P# ..
........YY.............. ...
............@Y........#.P....
.................Y.........##....
................YYY.......P .#..
...............Y.Y........
..........................
...............YY.........
...........SY...........
.$.........§............
....................


You could see a dire elephant, 5 yaks, a water moccasin and 6 dream sheep.

Vanquished Creatures
  2 anacondas (Lair:4)
  Erica (D:9)
  3 death yaks (Lair:4)
  7 elephants
  6 black mambas
  5 rime drakes
  5 spiny frogs
  A komodo dragon (Lair:2)
  2 ice devils (Lair:4)
  A troll (D:6)
  2 polar bears
  2 hippogriffs
  A dream sheep (Lair:5)
  15 yaks
  2 basilisks
  A hungry ghost (D:8)
  2 nagas (Lair:2)
  13 water moccasins
  16 porcupines
  A sky beast (D:7)
  A necrophage (D:6)
  4 ogres
  An orc warrior (D:6)
  4 wolves (Lair:5)
  2 centaurs
  11 crocodiles
  11 bullfrogs
  2 gnoll sergeants (D:6)
  2 scorpions
  5 wights
  An electric eel (Lair:2)
  3 crimson imps
  2 jellies
  A bullfrog zombie (D:9)
  4 hounds
  An iron imp (D:6)
  Ijyb (D:3)
  5 iguanas
  3 orc wizards (D:9)
  7 worker ants
  A hound skeleton (D:7)
  12 adders
  14 gnolls
  An ooze (D:1)
  An adder zombie (D:9)
  2 adder skeletons
  5 worms
  A dart slug (D:2)
  7 leopard geckos
  18 orcs
  2 bats (D:1)
  6 giant cockroaches
  10 goblins
  8 hobgoblins
  9 kobolds
  4 quokkas
  8 frilled lizards
  3 goblin skeletons (D:6)
  4 hobgoblin zombies (D:6)
  A jackal skeleton (D:6)
  A kobold skeleton (D:6)
  A kobold zombie (D:6)
  A leopard gecko zombie (D:7)
  11 rats
  2 rat zombies (D:7)
  A fungus (Lair:5)
293 creatures vanquished.

Vanquished Creatures (collateral kills)
  Rupert (Lair:5)
  Gastronok (Lair:3)
  A hydra (Lair:4)
  An anaconda (Lair:4)
  A death yak (Lair:4)
  2 elephants (Lair:5)
  A black mamba (Lair:4)
  3 spiny frogs (Lair:4)
  2 komodo dragons
  3 hippogriffs
  4 yaks
  A hungry ghost (D:8)
  4 water moccasins
  2 porcupines
  An orc warrior (D:8)
  An ogre (D:8)
  3 bullfrogs
  2 scorpions (D:8)
  6 wights
  A centaur zombie (D:6)
  A crimson imp (D:8)
  A centaur skeleton (D:5)
  A hound (D:8)
  An orc wizard (D:6)
  A hound skeleton (D:8)
  5 gnolls
  An adder (D:3)
  An ooze (D:2)
  A dart slug (D:1)
  A goblin (D:2)
  A hobgoblin (D:2)
  A jackal (D:2)
  A quokka (D:8)
  2 fungi
  2 plants
62 creatures vanquished.

Vanquished Creatures (others)
  8 fungi
  8 plants
16 creatures vanquished.

Grand Total: 371 creatures vanquished

Notes
Turn   | Place    | Note
-------+----------+-------------------------------------------
     0 | D:1      | JeffiDaFish the Mummy Necromancer began the quest for the
                  | Orb.
     0 | D:1      | Reached XP level 1. HP: 13/13 MP: 4/4
    26 | D:1      | Learned a level 1 spell: Animate Skeleton
   236 | D:1      | Reached skill level 3 in Spellcasting
   592 | D:1      | Reached XP level 2. HP: 20/20 MP: 6/6
  1072 | D:1      | Reached skill level 1 in Fighting
  1374 | D:1      | Reached XP level 3. HP: 26/26 MP: 4/8
  1375 | D:1      | Upgraded the game from 0.24-a0-471-g3302cd4 to
                  | 0.24-a0-487-g57318f2
  1656 | D:2      | Reached skill level 4 in Spellcasting
  1945 | D:2      | Found a burning altar of Makhleb.
  1996 | D:2      | Reached XP level 4. HP: 22/32 MP: 2/10
  2004 | D:2      | Learned a level 3 spell: Vampiric Draining
  2311 | D:2      | Found an iron altar of Okawaru.
  2609 | D:2      | Found a shattered altar of Ashenzari.
  2708 | D:3      | Reached XP level 5. HP: 23/38 MP: 4/12
  2709 | D:3      | Reached skill level 5 in Spellcasting
  2718 | D:3      | Learned a level 4 spell: Animate Dead
  2741 | D:3      | Noticed Ijyb
  2763 | D:3      | Killed Ijyb
  3158 | D:3      | Found a radiant altar of Vehumet.
  3593 | D:4      | Found a bloodstained altar of Trog.
  3595 | D:4      | Noticed an ogre
  3596 | D:4      | Reached skill level 5 in Necromancy
  3607 | D:4      | Killed an ogre
  3607 | D:4      | Reached skill level 6 in Spellcasting
  3607 | D:4      | Reached XP level 6. HP: 29/46 MP: 6/15
  3740 | D:4      | Found a shattered altar of Ashenzari.
  3801 | D:4      | Found Guresk's Magic Scroll Emporium.
  3809 | D:4      | Bought 2 scrolls of identify for 48 gold pieces
  3809 | D:4      | Bought a scroll of teleportation for 36 gold pieces
  3809 | D:4      | Bought a scroll of enchant weapon for 90 gold pieces
  3815 | D:4      | Found a staircase to the Ecumenical Temple.
  3844 | Temple   | Entered the Ecumenical Temple
  4078 | D:4      | Found a glowing drain.
  4490 | D:5      | Entered Level 5 of the Dungeon
  4541 | D:5      | Reached XP level 7. HP: 52/52 MP: 17/17
  4618 | D:5      | Reached skill level 7 in Spellcasting
  4636 | D:5      | Found a snail-covered altar of Cheibriados.
  4680 | D:5      | Found a sparkling altar of Nemelex Xobeh.
  4681 | D:5      | Found an opulent altar of Gozag.
  5085 | D:6      | Found a glowing golden altar of the Shining One.
  5526 | D:6      | Reached skill level 8 in Spellcasting
  5779 | D:6      | Reached XP level 8. HP: 52/61 MP: 20/20
  5937 | D:6      | Noticed a troll
  5944 | D:6      | Killed a troll
  5944 | D:6      | Reached skill level 9 in Spellcasting
  5980 | D:6      | Found a stormy altar of Qazlal.
  6501 | D:7      | Reached skill level 5 in Fighting
  6529 | D:7      | Found an ancient bone altar of Kikubaaqudgha.
  6542 | D:7      | Became a worshipper of Kikubaaqudgha
  7862 | D:8      | Reached skill level 10 in Spellcasting
  7899 | D:8      | Reached * piety under Kikubaaqudgha
  7899 | D:8      | Identified Kikubaaqudgha's Compendium of Evil
                  | (Kikubaaqudgha gifted it to you on level 8 of the Dungeon)
  7899 | D:8      | Received a gift from Kikubaaqudgha
  7911 | D:8      | Learned a level 2 spell: Corpse Rot
  7955 | D:8      | Reached XP level 9. HP: 62/69 MP: 17/23
  8470 | D:8      | Reached skill level 11 in Spellcasting
  9213 | D:9      | Found Ajusha's Antique Armour Shop.
  9228 | D:9      | Bought a wizard robe for 188 gold pieces
  9238 | D:9      | Identified the +1 robe "Voorud" {rN++ Int+5} (You bought it
                  | in a shop on level 9 of the Dungeon)
  9276 | D:9      | Found Oluaffacw's Armour Shop.
  9377 | D:9      | Found a hide-covered altar of Uskayaw.
 10014 | D:9      | Found a staircase to the Lair.
 10065 | D:9      | Found a transporter.
 10071 | D:9      | Identified the +2 war axe "Vacvycu" {elec, Stlth+}
 10071 | D:9      | Noticed a tengu warrior
 10102 | D:9      | Identified the +10 giant club of Ledux {holy, rC- Int+6}
 10102 | D:9      | Noticed a two-headed ogre
 10110 | D:9      | Noticed a troll
 10111 | D:9      | Found a bloodstained altar of Trog.
 10111 | D:9      | Noticed a troll
 10191 | D:9      | Noticed Erica
 10205 | D:9      | Killed Erica
 10205 | D:9      | Reached skill level 12 in Spellcasting
 10205 | D:9      | Reached XP level 10. HP: 48/79 MP: 12/26
 10583 | D:9      | Reached ** piety under Kikubaaqudgha
 10985 | D:9      | Noticed a moth of wrath
 10986 | D:9      | Noticed Finnegan's ghost (journeyman MiBe)
 10993 | D:9      | Found a transporter.
 11319 | Lair:1   | Entered Level 1 of the Lair of Beasts
 11448 | Lair:1   | Reached skill level 13 in Spellcasting
 12880 | Lair:2   | Noticed an elephant
 12895 | Lair:2   | Killed an elephant
 12955 | Lair:2   | Noticed an elephant
 12968 | Lair:2   | Noticed an elephant
 12995 | Lair:2   | Killed an elephant
 12995 | Lair:2   | Reached skill level 14 in Spellcasting
 12995 | Lair:2   | Reached XP level 11. HP: 63/87 MP: 1/29
 13558 | Lair:2   | Found a staircase to the Snake Pit.
 14365 | Lair:3   | Noticed Gastronok
 14664 | Lair:3   | Killed Gastronok
 14664 | Lair:3   | Reached skill level 10 in Necromancy
 14923 | Lair:3   | Reached skill level 15 in Spellcasting
 15870 | Lair:4   | Found a staircase to the Swamp.
 16104 | Lair:4   | Reached *** piety under Kikubaaqudgha
 16104 | Lair:4   | Identified Kikubaaqudgha's Papyrus of Sinister Rituals
                  | (Kikubaaqudgha gifted it to you on level 4 of the Lair of
                  | Beasts)
 16104 | Lair:4   | Received a gift from Kikubaaqudgha
 16117 | Lair:4   | Learned a level 5 spell: Agony
 16132 | Lair:4   | Learned a level 5 spell: Dispel Undead
 16138 | Lair:4   | Learned a level 5 spell: Borgnjor's Vile Clutch
 16143 | Lair:4   | Noticed an anaconda
 16153 | Lair:4   | Killed an anaconda
 16162 | Lair:4   | Reached XP level 12. HP: 36/97 MP: 9/31
 16231 | Lair:4   | Noticed an anaconda
 16242 | Lair:4   | Killed an anaconda
 16296 | Lair:4   | Noticed an anaconda
 16307 | Lair:4   | Killed an anaconda
 16335 | Lair:4   | Noticed an eight-headed hydra
 16351 | Lair:4   | Reached skill level 10 in Fighting
 16735 | Lair:4   | Killed an eight-headed hydra
 17683 | Lair:5   | Reached skill level 16 in Spellcasting
 17778 | Lair:5   | Noticed Rupert
 17795 | Lair:5   | HP: 2/98 [Rupert/+3 triple sword of electrocution (31)]
 17798 | Lair:5   | Killed Rupert
 18156 | Lair:5   | Noticed a death yak
 18156 | Lair:5   | Noticed a death yak
 18156 | Lair:5   | Noticed a death yak
 18167 | Lair:5   | Noticed a death yak
 18188 | Lair:4   | Killed a death yak
 18276 | Lair:4   | Killed a death yak
 18276 | Lair:4   | Reached **** piety under Kikubaaqudgha
 18321 | Lair:4   | Killed a death yak
 18352 | Lair:4   | Killed a death yak
 18661 | Lair:5   | Gained mutation: You are in touch with the powers of death.
                  | [Mummy growth]
 18661 | Lair:5   | Reached XP level 13. HP: 88/106 MP: 3/33
 18935 | Lair:5   | Learned a level 3 spell: Confuse
 19322 | Lair:6   | Entered Level 6 of the Lair of Beasts
 19322 | Lair:6   | Noticed a dire elephant
 19333 | Lair:6   | Found a staircase to the Slime Pits.
 19679 | Lair:6   | Upgraded the game from 0.24-a0-487-g57318f2 to
                  | 0.24-a0-521-g122614b
 19680 | Lair:6   | HP: 1/106 [dream sheep (6)]
 19680 | Lair:6   | Slain by a dream sheep

Levels and vault maps discovered:
D:1:      roderic_octagonal_star, layout_basic
D:2:      layout_loops_ring, okawaru_gym_becter, overflow_temple_1_default,
          nicolae_overflow_hidden_temple, minmay_tall_x
D:3:      layout_loops_ring, lemuel_coloured_pillars_altar, chequers_big_river,
          uniq_ijyb
D:4:      layout_loops_corners, bloody_trog, temple_statues, first_ration,
          portal_sewer_entry_e, serial_shops,
          nicolae_shop_competitors_out_of_business, cheibrodos_ashenzari_chains
D:5:      layout_rooms, grunt_temple_overflow_opulence, kennysheep_little_box
D:6:      layout_loops_ring, nicolae_tso_besieged_by_evil, basic_altar
D:7:      layout_basic, lemuel_zombie_altar_kikubaaqudgha
D:8:      layout_gridville, grunt_ogre_cave, minmay_misc_feat_diagonals
D:9:      layout_stronghold, eat_drink_and_be_merry_uskayaw,
          minmay_lair_entry_grove, gammafunk_ghost_wrathful_warriors,
          serial_shops, shop_statue, kennysheep_windowed_goal, uniq_erica
Temple:   compressed_dpeg_circular_temple
Lair:1:   layout_cave_pods
Lair:2:   layout_big_grid, guppyfry_snake_entry_island, grunt_megastairs_3,
          serial_bayou_shore_a
Lair:3:   layout_layer_cave, uniq_gastronok
Lair:4:   beast_lair_carwin_large_4, layout_misc_corridors, swamp_mist,
          portal_ice_cave_demonic_guard
Lair:5:   layout_loops_ring, uniq_rupert
Lair:6:   minmay_lair_end_enchanted_forest, layout_cave_shapes, slime_dummy

Skill      XL: |  1  2  3  4  5  6  7  8  9 10 11 12 |
---------------+-------------------------------------+-----
Spellcasting   | 3 4 6 8 10 12 14 15 16 | 16.5
Fighting       | 1 2 3 4 5 7 8 9 11 | 11.2
Necromancy     | 5 6 7 8 9 11 13 | 13.3
Dodging        | |  1.5
Stealth        | |  1.5

Action                   |  1- 3 |  4- 6 |  7- 9 | 10-12 | 13-15 || total
-------------------------+-------+-------+-------+-------+-------++-------
Melee: Unarmed           |     4 |       |       |       |       ||     4
       Short sword       |    29 |    79 |   484 |   196 |    17 ||   805
       Dagger            |    15 |       |       |       |       ||    15
 Cast: Pain              |    57 |   100 |    94 |   233 |     8 ||   492
       Animate Skeleton  |    13 |    19 |     3 |       |       ||    35
       Vampiric Draining |       |    14 |    48 |   218 |    19 ||   299
       Animate Dead      |       |     4 |    25 |    37 |     6 ||    72
       Borgnjor's Vile C |       |       |       |    28 |    11 ||    39
       Agony             |       |       |       |    12 |     5 ||    17
       Corpse Rot        |       |       |       |     3 |       ||     3
       Confuse           |       |       |       |       |     1 ||     1
Invok: Receive Corpses   |       |       |     1 |     2 |       ||     3
  Use: Scroll            |     4 |     4 |     6 |     4 |     8 ||    26
 Stab: Sleeping          |     2 |     2 |     5 |     2 |       ||    11
       Distracted        |       |       |     3 |       |     1 ||     4
Armor: Robe              |    14 |    11 |   110 |   122 |    23 ||   280
Dodge: Dodged            |    47 |    56 |   267 |   227 |    35 ||   632

Table legend:
 A = Non-vault XP
 B = Vault XP
 C = Vault XP percentage of total XP
 D = Non-vault monster count
 E = Vault monster count
 F = Vault count percentage of total count
                 A         B        C        D         E       F
            +---------+---------+-------+---------+---------+-------
      Total |   29215 |   13435 |  31.5 |     292 |      58 |  16.6
            +---------+---------+-------+---------+---------+-------
        D:1 |      41 |       0 |   0.0 |      22 |       0 |   0.0
        D:2 |     126 |      18 |  12.5 |      32 |       4 |  11.1
        D:3 |      77 |      31 |  28.7 |      22 |       1 |   4.3
        D:4 |     338 |       0 |   0.0 |       8 |       0 |   0.0
        D:5 |     337 |       0 |   0.0 |      11 |       0 |   0.0
        D:6 |     985 |      49 |   4.7 |      25 |      10 |  28.6
        D:7 |     534 |       2 |   0.4 |      21 |       2 |   8.7
        D:8 |    1525 |      96 |   5.9 |      39 |       1 |   2.5
        D:9 |     518 |    2726 |  84.0 |      14 |      15 |  51.7
     Lair:1 |    3036 |       0 |   0.0 |      18 |       0 |   0.0
     Lair:2 |    2997 |     824 |  21.6 |      13 |       5 |  27.8
     Lair:3 |    2507 |    2146 |  46.1 |      14 |       3 |  17.6
     Lair:4 |    8605 |    4965 |  36.6 |      23 |      16 |  41.0
     Lair:5 |    5049 |    2578 |  33.8 |      21 |       1 |   4.5
     Lair:6 |    2540 |       0 |   0.0 |       9 |       0 |   0.0
            +---------+---------+-------+---------+---------+-------
